 Dungeon Crawl Stone Soup version 0.29-a0-542-g075992c915 (webtiles) character file.

Game seed: 13570172617057563326

30 flotson the Sneak (level 3, -1/29 HPs)
             Began as a Demonspawn Delver on June 4, 2022.
             Splashed by a jelly's acid (8 damage)
             ... on level 4 of the Dungeon.
             The game lasted 00:00:53 (113 turns).

flotson the Sneak (Demonspawn Delver)                Turns: 113, Time: 00:00:53

Health: -1/29      AC:  3    Str: 14    XL:     3   Next: 3%
Magic:  3/3        EV: 14    Int: 11    God:
Gold:   0          SH:  0    Dex: 14    Spells: 2/2 levels left

rFire   . . .      SeeInvis .   a - +0 spear
rCold   . . .      Faith    .   (no shield)
rNeg    . . .      Spirit   .   b - +0 leather armour
rPois   .          Reflect  .   (no helmet)
rElec   .          Harm     .   (no cloak)
rCorr   .          Rampage  .   (no gloves)
Will    .....                   (no boots)
Stlth   +++.......              (no amulet)
HPRegen 0.09/turn               (no ring)
MPRegen 0.08/turn               (no ring)

@: no status effects
A: repulsion field 1
a: no special abilities


You were on level 4 of the Dungeon.
You visited 1 branch of the dungeon, and saw 2 of its levels.

Inventory:

Hand Weapons
 a - a +0 spear (weapon)
Armour
 b - a +0 leather armour (worn)
Wands
 g - a wand of digging (3)
Scrolls
 c - a scroll of fog
 d - a scroll of magic mapping


   Skills:
 + Level 3.2 Fighting
 + Level 2.1 Polearms
 + Level 0.6 Armour
 + Level 2.0 Dodging
 + Level 4.6 Stealth
 + Level 0.9 Evocations


You had 2 spell levels left.
You didn't know any spells.
Your spell library was empty.

Dungeon Overview and Level Annotations

Branches:
Dungeon (5/15)
 Temple: D:4-7

Altars:

Annotations:
D:5 Blork the orc


Innate Abilities, Weirdness & Mutations

You are surrounded by a mild repulsion field. (EV +2)


Message History

Orders for allies: a - Attack new target. r - Retreat! s - Stop attacking. g - Guard the area. f - Follow me.
Anything else - Cancel.
You shout for attention!
You hear a shout!
You hear a bark!
You hear a shout!
Unknown command.
Blork the orc comes into view.
He is wielding a +0 glaive.
The jelly attacks as you move away! The jelly hits you but does no damage.
The jelly jiggles.
The jelly attacks as you move away! The jelly hits you.
You are splashed with acid.
Blork the orc shouts!
Blork the orc hits you with a +0 glaive.
Blork the orc attacks as you move away! Blork the orc barely misses you.
Blork the orc screams, "I'll eat your brain!
And then I'll vomit it back up!"
Blork the orc mumbles some strange words.
Blork the orc seems to speed up.
The jelly attacks as you move away! The jelly misses you.
Blork the orc misses you. Blork the orc closely misses you.
There is a stone staircase leading up here.
Blork the orc closely misses you. The jelly hits you.
You are splashed with acid!
* * * LOW HITPOINT WARNING * * *
You climb upwards.
Found 25 stones.
There is a stone staircase leading down here.
As you read the scroll of fear, it crumbles to dust.
You assume a fearsome visage.
The jelly looks frightened!
You open the door.
Found 24 stones and 8 gold pieces.
Found a stone staircase leading down.
There is an open door here.
As you close the door, it creaks loudly!
You start resting.
You hear a slurping noise.
The jelly eats the door!
The jelly quivers.
The jelly attacks as you move away! The jelly hits you.
* * * LOW HITPOINT WARNING * * *
You are splashed with acid!
You die...

#.....####.###
.............#
............ ........
. ######+##$...# .#
.....(..#....##.#####
........#............
............J@.(.....
........#......>.....
.......>#...##..#####
############# ###


You could see a jelly.

Vanquished Creatures
  A hound (D:5)
1 creature vanquished.

Notes
Turn   | Place    | Note
-------+----------+-------------------------------------------
     0 | D:5      | flotson the Demonspawn Delver began the quest for the Orb.
     0 | D:5      | Reached XP level 1. HP: 18/18 MP: 1/1
     6 | D:5      | Noticed a hound
    18 | D:5      | Killed a hound
    19 | D:5      | Gained mutation: You are surrounded by a mild repulsion
                  | field. (EV +2) [demonic ancestry]
    19 | D:5      | Reached XP level 2. HP: 18/24 MP: 2/2
    19 | D:5      | Reached XP level 3. HP: 22/29 MP: 3/3
    80 | D:5      | Noticed Blork the orc
   113 | D:4      | Splashed by a jelly's acid

Illustrated notes

Levels and vault maps discovered:
D:4:      layout_gridville, fiery_altar_vehumet, minmay_temple_entry_grid
D:5:      layout_layer_cave, nicolae_dithmenos_through_a_glass_darkly,
          serial_shops, shop, uniq_blork_the_orc, uniq_sigmund, uniq_menkaure

Skill      XL: |  1 |
---------------+----+-----
Polearms       | 2 |  2.1
Dodging        | 2 |  2.0
Fighting       | |  3.2
Armour         | |  0.6
Stealth        | |  4.6
Evocations     | |  0.9

Action                   || total
-------------------------++-------
Melee: Spear             ||    10
  Use: Potion            ||     1
       Scroll            ||     1
Armor: Leather armour    ||     4
Dodge: Dodged            ||     8

Table legend: (Time is in decaauts)
 A = Elapsed time spent in this place.
 B = Non-inter-level travel time spent in this place.
 C = Inter-level travel time spent in this place.
 D = Time resting spent in this place.
 E = Time spent auto-exploring this place.
 F = Levels seen in this place.
 G = Mean time per level.
                   A        B        C        D        E       F      G
               +--------+--------+--------+--------+--------+-----+--------+
         Total |     93 |     93 |      0 |     12 |     47 |   2 |   46.5 |
       Dungeon |     93 |     93 |      0 |     12 |     47 |   2 |   46.5 |
               +--------+--------+--------+--------+--------+-----+--------+

Top non-repeatable levels by time:
     D:5: 70 daAuts
     D:4: 22 daAuts
